 Dungeon Crawl Stone Soup version 0.18.1-48-g4cf74bf (webtiles) character file.

34 Doomgape the Caller (level 3, 0/19 HPs)
             Began as a Tengu Summoner on July 5, 2016.
             Slain by an adder (3 damage)
             ... on level 2 of the Dungeon.
             The game lasted 00:05:54 (1093 turns).

Doomgape the Caller (Tengu Summoner)                Turns: 1093, Time: 00:05:54

Health: 0/19       AC:  2    Str:  8    XL:     3   Next: 31%
Magic:  2/7        EV: 12    Int: 16    God:
Gold:   83         SH:  0    Dex: 14    Spells: 1 memorised, 5 levels left

rFire  . . .     SeeInvis .     g - +0 spear
rCold  . . .     Gourm    .     a - +0 robe
rNeg   . . .     Faith    .     (no shield)
rPois  .         Spirit   .     (helmet restricted)
rElec  .         Dismiss  .     (no cloak)
rCorr  .         Reflect  .     (no gloves)
SustAt .         Harm     .     (boots unavailable)
MR     .....                    (no amulet)
Stlth  ++........               (no ring)
                                (no ring)

@: not resistant to hostile enchantments, unstealthy
A: beak, talons 3
a: no special abilities


You were on level 2 of the Dungeon.
You were hungry.

You visited 1 branch of the dungeon, and saw 2 of its levels.

You collected 83 gold pieces.

Inventory:

Hand Weapons
 g - a +0 spear (weapon)
Armour
 a - a +0 robe (worn)
Potions
 f - 2 potions of invisibility {unknown}
 h - a potion of heal wounds {unknown}
 i - a potion of agility {unknown}
Books
 b - a book of Callings

   Spells                             Type                      Level
   a - Summon Small Mammal            Summoning                    1
   b - Call Imp                       Summoning                    2
   c - Call Canine Familiar           Summoning                    3
   d - Summon Guardian Golem          Hexes/Summoning              3
   e - Summon Lightning Spire         Summoning/Air                4
   f - Summon Ice Beast               Ice/Summoning                4
Comestibles
 c - a bread ration
 d - 2 meat rations


   Skills:
 - Level 2.1 Dodging
 - Level 2.0 Stealth
 - Level 2.0 Spellcasting
 + Level 6.1 Summonings


You had 5 spell levels left.
You knew the following spells:

 Your Spells              Type           Power        Failure   Level  Hunger
a - Summon Small Mammal   Summ           ###.         1%          1    #......


Dungeon Overview and Level Annotations

Branches:
Dungeon (2/15)

Altars:
Dithmenos
Elyvilon
Qazlal
Zin

Annotations:
D:2 Natasha


Innate Abilities, Weirdness & Mutations

You have a beak for a mouth.
You have claws for feet.


Message History

Read which item? (? for menu, Esc to quit)
As you read the scroll labeled FYICVUARGHO, it crumbles to dust.
You hear a loud clanging noise!
It was a scroll of noise.
You hear a shout! x2
The shadow imp misses your quokka. The jackal completely misses you.
Your quokka bites Natasha.
Read which item? (? for menu, Esc to quit)
As you read the scroll labeled CUETEGU DEBLA, it crumbles to dust.
The scroll dissolves into smoke.
It was a scroll of fog.
The jackal misses you.
Natasha closely misses something.
The adder bites you.
* * * LOW HITPOINT WARNING * * *
Read which item? (? for menu, Esc to quit)
As you read the scroll labeled TIRCHA DAZI, it crumbles to dust.
It is a scroll of amnesia.
Forget which spell ([?*] list [ESC] exit)?
Forget which spell ([?*] list [ESC] exit)?
Okay, then.
The jackal closely misses you.
Natasha claws something.
The adder bites you.
You die...

#.........#...#
#........###.##
#.r.._...#
#)###
#†##...###
#...# #††.5r.#
###.# ##.##r##
###.# #.##h#
#..<# #.##h#
#†### #.##@# #h
#.##S# #.
#.##§# #h
#.##.. #h ###
#h #.


You could see Natasha (unaware), an adder and a jackal.

Vanquished Creatures (collateral kills)
  2 gnolls (D:1)
  A worm (D:2)
  2 dart slugs (D:1)
  4 bats
  A giant cockroach (D:1)
  2 hobgoblins
  9 jackals
  2 kobolds (D:1)
  A giant newt (D:1)
  4 goblins (D:1)
  3 rats (D:1)
31 creatures vanquished.

Notes
Turn   | Place    | Note
--------------------------------------------------------------
     0 | D:1      | Doomgape the Tengu Summoner began the quest for the Orb.
     0 | D:1      | Reached XP level 1. HP: 10/10 MP: 4/4
    95 | D:1      | Reached skill level 5 in Summonings
   231 | D:1      | Reached XP level 2. HP: 15/15 MP: 3/6
   631 | D:1      | Reached XP level 3. HP: 19/19 MP: 5/7
   919 | D:2      | Reached skill level 6 in Summonings
   936 | D:2      | Found a stormy altar of Qazlal.
   937 | D:2      | Found a glowing silver altar of Zin.
   943 | D:2      | Found a white marble altar of Elyvilon.
   968 | D:2      | Found a shadowy altar of Dithmenos.
  1074 | D:2      | Noticed Natasha
  1093 | D:2      | Slain by an adder

Skill      XL: |  1  2  3 |
---------------+----------+-----
Summonings     | 5 6 |  6.1
Dodging        | |  2.1
Stealth        | |  2.0
Spellcasting   | |  2.0

Action                   || total
-------------------------++-------
 Cast: Summon Small Mamm ||    61
  Use: Scroll            ||     3
  Eat: Chunk             ||     1
Armor: Robe              ||    11
Dodge: Dodged            ||    29
